 Dungeon Crawl Stone Soup version 0.29-a0-330-g52719c12eb (webtiles) character file.

Game seed: 916298667889515865

40 kae the Firebug (level 3, 0/26 HPs)
             Began as a Demigod Fire Elementalist on Apr 27, 2022.
             Slain by a rat (2 damage)
             ... on level 2 of the Dungeon.
             The game lasted 00:00:34 (1721 turns).

kae the Firebug (Demigod Fire Elementalist)         Turns: 1721, Time: 00:00:35

Health: 0/26       AC:  2    Str:  9    XL:     3   Next: 14%
Magic:  3/9        EV: 12    Int: 21    God:
Gold:   96         SH:  0    Dex: 14    Spells: 3/6 levels left

rFire   . . .      SeeInvis .   c - +1 dagger (venom)
rCold   . . .      Faith    .   (no shield)
rNeg    . . .      Spirit   .   a - +0 robe
rPois   .          Reflect  .   (no helmet)
rElec   .          Harm     +   h - scarf {harm}
rCorr   .          Rampage  .   (no gloves)
Will    .....                   (no boots)
Stlth   ++........              (no amulet)
HPRegen 0.08/turn               (no ring)
MPRegen 0.11/turn               (no ring)

@: no status effects
A: high MP 1, forlorn, divine attributes
a: no special abilities


You were on level 2 of the Dungeon.
You visited 1 branch of the dungeon, and saw 2 of its levels.

You collected 96 gold pieces.

Inventory:

Hand Weapons
 c - a +1 dagger of venom (weapon)
Armour
 a - a +0 robe (worn)
 h - a scarf of harm (worn)
Scrolls
 d - a scroll of noise {unknown}
 g - a scroll of identify {unknown}
 i - a scroll of enchant weapon {unknown}
Potions
 b - a potion of magic
 e - a potion of mutation {unknown}
 f - a potion of curing {unknown}
 j - a potion of flight {unknown}


   Skills:
 - Level 1.7 Dodging
 - Level 1.7 Stealth
 + Level 2.3 Spellcasting
 + Level 1.8 Conjurations
 + Level 3.1 Fire Magic


You had 3 spell levels left.
You knew the following spells:

 Your Spells              Type           Power      Damage    Failure   Level
a - Foxfire               Conj/Fire      48%        2x1d6     4%          1
b - Scorch                Fire           30%        2d7       6%          2

Your spell library contained the following spells:

 Spells                   Type           Power      Damage    Failure   Level
 Conjure Flame            Conj/Fire      12%        6-21      16%         3
 Inner Flame              Hex/Fire       9%         N/A       22%         3
 Flame Wave               Conj/Fire      12%        2d6       45%         4


Dungeon Overview and Level Annotations

Branches:
Dungeon (2/15)


Innate Abilities, Weirdness & Mutations

You have an increased reservoir of magic. (+10% MP)
You shall have no god before yourself.
Your divine heritage dramatically boosts your attributes as you level up.


Message History

You are too injured to fight recklessly!
You are too injured to fight recklessly!
You closely miss the adder.
The adder is moderately wounded.
The adder bites you.
You are poisoned.
The adder poisons you!
You are too injured to fight recklessly!
You are too injured to fight recklessly!
You hit the adder.
You kill the adder!
You feel sick.
You have reached level 3!
Your experience leads to a dramatic increase in your attributes!
Increase (S)trength, (I)ntelligence, or (D)exterity?
You feel clever. x4
Casting: Foxfire (safe; 5% risk of failure)
Confirm with . or Enter, or press ? or * to list all spells.
You conjure some foxfire!
You feel sick. The jackal barely misses you. The jackal misses you.
You feel sick.
The jackal bites you but does no damage.
You hit the jackal.
The jackal is heavily wounded.
You feel sick. The jackal barely misses you.
You completely miss the jackal.
The jackal is heavily wounded.
You feel sick. The jackal bites you.
* * * LOW HITPOINT WARNING * * *
The jackal bites you.
* * * LOW HITPOINT WARNING * * *
Casting: Foxfire (safe; 5% risk of failure)
Confirm with . or Enter, or press ? or * to list all spells.
Flames lash the jackal.
You kill the jackal!
You feel sick.
You feel sick.
You are no longer poisoned.
The rat bites you.
You die...

......# ......#
......#
.†....############
.................#
################)#
############...#.#
.............#.#v#
.#############.#@#
.# #.#r# .#.#
#.#.# .#.# #.#.#
.#.# #.#.# .#.#
#.#.# ##.# #.#..
##.# #.#.. ##)#
#.#


You could see a rat (ally target).

Vanquished Creatures
  An adder (D:2)
  A worm (D:2)
  2 goblins (D:1)
  5 hobgoblins
  6 jackals
  A quokka (D:1)
  3 ball pythons (D:1)
  3 bats (D:1)
  A frilled lizard (D:1)
  2 kobolds (D:1)
  2 rats (D:2)
27 creatures vanquished.

Vanquished Creatures (others)
  95 foxfires
95 creatures vanquished.

Grand Total: 122 creatures vanquished

Notes
Turn   | Place    | Note
-------+----------+-------------------------------------------
     0 | D:1      | kae the Demigod Fire Elementalist began the quest for the
                  | Orb.
     0 | D:1      | Reached XP level 1. HP: 14/14 MP: 5/5
    48 | D:1      | Reached skill level 1 in Conjurations
   606 | D:1      | Reached XP level 2. HP: 20/20 MP: 5/7
   609 | D:1      | Learned a level 2 spell: Scorch
  1049 | D:1      | Reached skill level 3 in Fire Magic
  1716 | D:2      | Reached XP level 3. HP: 11/26 MP: 5/9
  1721 | D:2      | Slain by a rat

Illustrated notes

Levels and vault maps discovered:
D:1:      elethiomel_arrival_maze, layout_loops_ring, kennysheep_flooded_box,
          minmay_splitting_lines
D:2:      layout_basic

Skill      XL: |  1  2 |
---------------+-------+-----
Conjurations   | 1 |  1.8
Spellcasting   | 2 |  2.3
Fire Magic     | 3 |  3.1
Dodging        | |  1.7
Stealth        | |  1.7

Action                   || total
-------------------------++-------
Melee: Dagger            ||    12
 Cast: Foxfire           ||    65
       Scorch            ||     1
Armor: Robe              ||     1
Dodge: Dodged            ||     7

Table legend: (Time is in decaauts)
 A = Elapsed time spent in this place.
 B = Non-inter-level travel time spent in this place.
 C = Inter-level travel time spent in this place.
 D = Time resting spent in this place.
 E = Time spent auto-exploring this place.
 F = Levels seen in this place.
 G = Mean time per level.
                   A        B        C        D        E       F      G
               +--------+--------+--------+--------+--------+-----+--------+
         Total |   1720 |   1687 |     33 |      0 |   1471 |   2 |  860.0 |
       Dungeon |   1720 |   1687 |     33 |      0 |   1471 |   2 |  860.0 |
               +--------+--------+--------+--------+--------+-----+--------+

Top non-repeatable levels by time:
     D:1: 1420 daAuts
     D:2: 299 daAuts
